 Dungeon Sprint DCSS version 0.21.1-1-g345015f (console) character file.

11200000 sorlin the Axe Maniac (level 27, -8/247 (249) HPs)
             Began as a Demonspawn Wanderer on Feb 21, 2018.
             Was the Champion of Makhleb.
             Killed from afar by an observer (85 damage)
             ... with a fireball
             ... in the Dungeon (Sprint VIII: "Arena of Blood").
             The game lasted 00:11:09 (112 turns).

sorlin the Axe Maniac (Demonspawn Wanderer)          Turns: 112, Time: 00:11:10

HP:   -8/247 (249)  AC:  4    Str: 12    XL:     27
MP:   49/54         EV: 42    Int: 14    God:    Makhleb [******]
Gold: 0             SH:  0    Dex: 26    Spells: 79/80 levels left

rFire    . . .     SeeInvis .   m - +∞ Axe of Woe
rCold    + . .     Gourm    .   (shield currently unavailable)
rNeg     + . .     Faith    .   d - +0 robe
rPois    .         Spirit   .   (helmet unavailable)
rElec    .         Reflect  .   (no cloak)
rCorr    .         Harm     .   (no gloves)
MR       ++...     NoTele   +   (no boots)
Stlth    +++++++++.             (no amulet)
HPRegen  0.51/turn              (no ring)
MPRegen  0.34/turn              (no ring)

@: lethally poisoned (-8 -> -10), repel missiles
A: horns 3, repulsion field 3, cold resistance 1, demonic guardian 3, icemail,
negative energy resistance 1, 50% torment resistance, black mark, freezing cloud
immunity
a: Minor Destruction, Lesser Servant of Makhleb, Major Destruction, Greater
Servant of Makhleb, Renounce Religion


You were in the Dungeon.
You worshipped Makhleb.
Makhleb was exalted by your worship.
You were not hungry.

You visited 1 branch


Innate Abilities, Weirdness & Mutations

You have a pair of large horns on your head.
You are surrounded by a strong repulsion field. (EV +4, RMsl)
Your flesh is cold resistant. (rC+)
A powerful demonic guardian rushes to your aid.
A meltable icy envelope protects you from harm. (AC +0)
You resist negative energy. (rN+)
You are somewhat able to resist unholy torments (1 in 2 success).
Your melee attacks may debilitate your foes.
You are immune to freezing clouds.


   Skills:
 O Level 27 Fighting
 O Level 27 Short Blades
 O Level 27 Axes
 O Level 27 Throwing
 O Level 27 Armour
 O Level 27 Dodging
 O Level 27 Stealth
 O Level 27 Unarmed Combat
 O Level 27 Spellcasting
   Level 2.1 Necromancy
 O Level 27 Translocations
 O Level 27 Invocations
   Level 2.0 Evocations


You had 79 spell levels left.
You knew the following spells:

 Your Spells              Type           Power        Failure   Level  Hunger
s - Apportation           Tloc           ######       0%          1    None

Inventory:

Hand Weapons
 e - a +0 dagger
 m - the +∞ Axe of Woe (weapon)
   (You found it in the Dungeon)
Armour
 d - a +0 robe (worn)
Scrolls
 c - a scroll of teleportation {!r}
Potions
 g - a potion of curing
 h - a potion of heal wounds {!q}
 i - a potion of haste {!q}
 j - 2 potions of magic {!q}
 k - a potion of berserk rage {!q}
Books
 a - a book of Necromancy

   Spells                             Type                      Level
   a - Pain                           Necromancy                   1
   b - Animate Skeleton               Necromancy                   1
   c - Vampiric Draining              Necromancy                   3
   d - Regeneration                   Charms/Necromancy            3
   e - Animate Dead                   Necromancy                   4
   f - Borgnjor's Vile Clutch         Necromancy/Earth             5
 b - the Tome of Orientation

   Spells                             Type                      Level
   a - Apportation                    Translocation                1
   b - Recall                         Summoning/Translocation      3
Comestibles
 f - a ration


Message History

The dread throws damnation at you.
The sphere of damnation explodes!
The damnation engulfs you!
The damnation engulfs your blizzard demon.
The eight-headed meat hydra appears out of thin air!
An eight-headed meat hydra comes into view.
You feel something staring at you.
A fireball appears from out of thin air!
The fireball explodes!
The fireball engulfs your green death.
A scourge comes into view.
You take 27 damage.
You feel sick.
You hear a shout! x3
The poison arrow hits something.
You hear a shout!
You slash the dread!
You slaughter the dread joyfully.
You destroy the dread!
Makhleb accepts your kill.
You feel better.
You feel sick.
You hear a shout!
The bolt of lightning hits your cacodemon.
The bolt of lightning hits the eight-headed meat hydra.
You hear a shout! x3; You feel something staring at you.
A fireball appears from out of thin air!
The fireball explodes!
The fireball engulfs your green death.
Your green death dies!
The fireball engulfs your reaper.
Your reaper dies!
You hear a shout!
A meat berserker comes into view. It is wielding a +9 battleaxe.
The meat berserker shouts!
Your magical contamination has completely faded away.
Memorise Regeneration, consuming 3 spell levels and leaving 76?
HP restored.
You hear a shout! x5
The eight-headed meat hydra calls on the powers of darkness!
The eight-headed meat hydra convulses!
The meat berserker convulses!
The eight-headed meat hydra convulses!
Your body is wracked with pain!
Your memorisation is interrupted.
The eight-headed meat hydra calls on the powers of darkness!
The eight-headed meat hydra convulses!
Your body is wracked with pain!
* * * LOW HITPOINT WARNING * * *
The meat berserker convulses!
The scourge convulses!
The eight-headed meat hydra convulses!
Some rock shatters into small pieces.
The bolt of lightning hits your cacodemon.
The bolt of lightning hits the eight-headed meat hydra.
You feel something staring at you.
A fireball appears from out of thin air!
The fireball explodes!
Deactivating autopickup; reactivate with Ctrl-A.
The fireball engulfs you!
You die...

..#...))#..Mo..#
......_...Xxz....
......###§...O...o#
.###.....))###ooxo.
#..D..).#...O....
#.%...))#...o2...
...O%......2@.....
%%...O%%..§z.#...#
...o.....o)§#....#
.........)##.....#
#....D.%.)@)†...#
......V...22.###..
#.............
................
.#..S..####.....
....... .....
....... ..## ..=...
###


You could see 2 eight-headed meat hydras, a destroyer, a scourge, 2 meat
berserkers, 2 bags of meat, a friendly cacodemon and a friendly blizzard demon.

Vanquished Creatures
  8 hell beasts (D)
  3 greater mummies (D)
  2 wraiths (D)
  Harold (D)
  9 vampire knights (D)
  28 ogres (D)
  3 two-headed ogres (D)
  2 liches (D)
  47 orcs (D)
  3 phantoms (D)
  4 skeletal warriors (D)
  2 large abominations (D)
  7 small abominations (D)
  A crawling corpse (D)
120 creatures vanquished.

Vanquished Creatures (collateral kills)
  A hydra (D)
  2 orcs (D)
  A crawling corpse (D)
4 creatures vanquished.

Vanquished Creatures (others)
  An orc (D)
  A crawling corpse (D)
2 creatures vanquished.

Grand Total: 126 creatures vanquished

Notes
Turn   | Place    | Note
-------+----------+-------------------------------------------
     0 | D        | Found the +∞ Axe of Woe
     0 | D        | sorlin the Demonspawn Wanderer began the quest for the Orb.
     0 | D        | sorlin set off with: a book of Necromancy, the Tome of Orientation, a scroll of teleportation {!r}, a +0 robe, a +0 dagger, a ration, a potion of curing, a potion of heal wounds {!q}, a potion of haste {!q}, 2 potions of magic {!q}, a potion of berserk rage {!q}, a scroll of blinking
     0 | D        | Reached XP level 1. HP: 13/13 MP: 7/7
     3 | D        | Noticed a bag of meat
     3 | D        | Noticed a bag of meat
     4 | D        | Noticed a bag of meat
     4 | D        | Became a worshipper of Makhleb the Destroyer
     5 | D        | Identified the Tome of Orientation
     7 | D        | Learned a level 1 spell: Apportation
     9 | D        | Killed a bag of meat
     9 | D        | Reached skill level 13 in Fighting
     9 | D        | Reached skill level 16 in Axes
     9 | D        | Reached skill level 12 in Dodging
     9 | D        | Reached skill level 12 in Translocations
     9 | D        | Gained mutation: A weak demonic guardian rushes to your aid. [demonic ancestry]
     9 | D        | Reached XP level 2. HP: 40/40 MP: 9/9
     9 | D        | Gained mutation: Your flesh is cold resistant. (rC+) [demonic ancestry]
     9 | D        | Reached XP level 3. HP: 46/46 MP: 10/10
     9 | D        | Gained mutation: You have a pair of small horns on your head. [demonic ancestry]
     9 | D        | Reached XP level 4. HP: 53/53 MP: 12/12
     9 | D        | Gained mutation: You are surrounded by a mild repulsion field. (EV +2) [demonic ancestry]
     9 | D        | Reached XP level 5. HP: 59/59 MP: 13/13
     9 | D        | Gained mutation: You are immune to freezing clouds. [demonic ancestry]
     9 | D        | Reached XP level 6. HP: 66/66 MP: 15/15
     9 | D        | Gained mutation: You are surrounded by a moderate repulsion field. (EV +3) [demonic ancestry]
     9 | D        | Reached XP level 7. HP: 72/72 MP: 16/16
     9 | D        | Gained mutation: You are surrounded by a strong repulsion field. (EV +4, RMsl) [demonic ancestry]
     9 | D        | Reached XP level 8. HP: 79/79 MP: 17/17
     9 | D        | Reached XP level 9. HP: 85/85 MP: 18/18
     9 | D        | Reached XP level 10. HP: 92/92 MP: 19/19
     9 | D        | Gained mutation: You have a pair of horns on your head. [demonic ancestry]
     9 | D        | Reached XP level 11. HP: 98/98 MP: 20/20
     9 | D        | Killed a bag of meat
     9 | D        | Reached * piety under Makhleb
     9 | D        | Reached skill level 15 in Fighting
     9 | D        | Reached skill level 18 in Axes
     9 | D        | Reached skill level 14 in Dodging
     9 | D        | Reached skill level 14 in Translocations
     9 | D        | Reached XP level 12. HP: 109/109 MP: 21/21
    10 | D        | Killed a bag of meat
    10 | D        | Reached skill level 16 in Fighting
    10 | D        | Reached skill level 20 in Axes
    10 | D        | Reached skill level 15 in Dodging
    10 | D        | Gained mutation: You have a pair of large horns on your head. [demonic ancestry]
    10 | D        | Reached XP level 13. HP: 119/119 MP: 22/22
    11 | D        | Noticed a bag of meat
    11 | D        | Noticed a meat berserker
    12 | D        | Killed a meat berserker
    12 | D        | Reached skill level 18 in Fighting
    12 | D        | Reached skill level 23 in Axes
    12 | D        | Reached skill level 17 in Dodging
    12 | D        | Reached skill level 9 in Stealth
    12 | D        | Gained mutation: You resist negative energy. (rN+) [demonic ancestry]
    12 | D        | Reached XP level 14. HP: 89/131 MP: 23/23
    15 | D        | Noticed a bag of meat
    15 | D        | Killed a bag of meat
    15 | D        | Reached ** piety under Makhleb
    15 | D        | Reached skill level 19 in Fighting
    15 | D        | Reached skill level 24 in Axes
    15 | D        | Reached skill level 18 in Dodging
    15 | D        | Reached skill level 11 in Stealth
    15 | D        | Reached XP level 15. HP: 139/139 MP: 24/24
    16 | D        | Noticed a meat berserker
    17 | D        | Reached skill level 20 in Fighting
    17 | D        | Reached skill level 13 in Stealth
    18 | D        | Noticed a meat berserker
    22 | D        | Noticed a meat berserker
    22 | D        | Killed a meat berserker
    22 | D        | Reached skill level 21 in Fighting
    22 | D        | Reached skill level 26 in Axes
    22 | D        | Reached skill level 20 in Dodging
    22 | D        | Reached skill level 15 in Stealth
    22 | D        | Reached XP level 16. HP: 152/152 MP: 25/25
    22 | D        | Killed a meat berserker
    22 | D        | Reached *** piety under Makhleb
    22 | D        | Reached skill level 23 in Fighting
    22 | D        | Reached skill level 27 in Axes
    22 | D        | Reached skill level 21 in Dodging
    22 | D        | Reached skill level 18 in Stealth
    23 | D        | Reached skill level 24 in Fighting
    23 | D        | Reached skill level 22 in Dodging
    23 | D        | Reached skill level 19 in Stealth
    23 | D        | Gained mutation: A demonic guardian rushes to your aid. [demonic ancestry]
    23 | D        | Reached XP level 17. HP: 167/167 MP: 26/26
    23 | D        | Killed a meat berserker
    23 | D        | Reached skill level 26 in Fighting
    23 | D        | Reached skill level 24 in Dodging
    23 | D        | Reached skill level 22 in Stealth
    24 | D        | Reached **** piety under Makhleb
    24 | D        | Reached skill level 25 in Dodging
    24 | D        | Reached skill level 23 in Stealth
    26 | D        | Reached skill level 27 in Fighting
    26 | D        | Reached skill level 26 in Dodging
    26 | D        | Reached skill level 24 in Stealth
    26 | D        | Reached XP level 18. HP: 182/182 MP: 27/27
    27 | D        | Noticed a meat berserker
    27 | D        | Reached skill level 27 in Dodging
    27 | D        | Reached skill level 25 in Stealth
    27 | D        | Reached ***** piety under Makhleb
    27 | D        | Reached skill level 27 in Stealth
    27 | D        | Reached skill level 4 in Armour
    27 | D        | Reached skill level 7 in Spellcasting
    27 | D        | Reached skill level 7 in Invocations
    29 | D        | Noticed a meat berserker
    29 | D        | Noticed a destroyer
    29 | D        | Reached skill level 8 in Armour
    29 | D        | Reached skill level 10 in Spellcasting
    29 | D        | Reached skill level 15 in Translocations
    29 | D        | Reached skill level 11 in Invocations
    29 | D        | Reached skill level 10 in Armour
    29 | D        | Reached skill level 12 in Spellcasting
    29 | D        | Reached skill level 17 in Translocations
    29 | D        | Reached skill level 14 in Invocations
    29 | D        | Gained mutation: You are somewhat able to resist unholy torments (1 in 2 success). [demonic ancestry]
    29 | D        | Reached XP level 19. HP: 189/189 MP: 27/35
    30 | D        | Noticed a meat berserker
    31 | D        | Noticed a destroyer
    32 | D        | Noticed a meat berserker
    32 | D        | Killed a meat berserker
    32 | D        | Reached skill level 14 in Armour
    32 | D        | Reached skill level 15 in Spellcasting
    32 | D        | Reached skill level 18 in Translocations
    32 | D        | Reached skill level 18 in Invocations
    33 | D        | Noticed a meat berserker
    33 | D        | Killed a destroyer
    33 | D        | Reached skill level 17 in Armour
    33 | D        | Reached skill level 18 in Spellcasting
    33 | D        | Reached skill level 21 in Translocations
    33 | D        | Reached skill level 22 in Invocations
    34 | D        | Killed a meat berserker
    34 | D        | Reached skill level 19 in Armour
    34 | D        | Reached skill level 19 in Spellcasting
    34 | D        | Reached skill level 22 in Translocations
    34 | D        | Reached skill level 25 in Invocations
    34 | D        | Gained mutation: Your melee attacks may debilitate your foes. [demonic ancestry]
    34 | D        | Reached XP level 20. HP: 197/197 MP: 28/43
    35 | D        | Killed a meat berserker
    35 | D        | Reached skill level 20 in Armour
    35 | D        | Reached skill level 21 in Spellcasting
    35 | D        | Reached skill level 23 in Translocations
    35 | D        | Reached skill level 27 in Invocations
    36 | D        | Killed a meat berserker
    36 | D        | Reached ****** piety under Makhleb
    36 | D        | Reached skill level 22 in Armour
    36 | D        | Reached skill level 23 in Spellcasting
    36 | D        | Reached skill level 25 in Translocations
    37 | D        | Noticed a meat berserker
    37 | D        | Killed a meat berserker
    37 | D        | Reached skill level 24 in Armour
    37 | D        | Reached skill level 24 in Spellcasting
    37 | D        | Reached skill level 26 in Translocations
    37 | D        | Reached XP level 21. HP: 204/204 MP: 28/49
    38 | D        | Noticed a destroyer
    38 | D        | Killed a destroyer
    38 | D        | Reached skill level 27 in Armour
    38 | D        | Reached skill level 27 in Spellcasting
    38 | D        | Reached skill level 27 in Translocations
    38 | D        | Reached skill level 2 in Short Blades
    38 | D        | Reached skill level 2 in Throwing
    38 | D        | Reached skill level 2 in Unarmed Combat
    40 | D        | Noticed a destroyer
    45 | D        | Reached skill level 11 in Short Blades
    45 | D        | Reached skill level 11 in Throwing
    45 | D        | Reached skill level 11 in Unarmed Combat
    45 | D        | Reached XP level 22. HP: 212/212 MP: 31/53
    46 | D        | Reached skill level 15 in Short Blades
    46 | D        | Reached skill level 15 in Throwing
    46 | D        | Reached skill level 15 in Unarmed Combat
    47 | D        | Noticed a large bag of meat
    47 | D        | Noticed a large bag of meat
    47 | D        | Reached skill level 18 in Short Blades
    47 | D        | Reached skill level 18 in Throwing
    47 | D        | Reached skill level 18 in Unarmed Combat
    48 | D        | Reached skill level 19 in Short Blades
    48 | D        | Reached skill level 19 in Throwing
    48 | D        | Reached skill level 19 in Unarmed Combat
    49 | D        | Reached skill level 20 in Short Blades
    49 | D        | Reached skill level 20 in Throwing
    49 | D        | Reached skill level 20 in Unarmed Combat
    50 | D        | Reached skill level 22 in Short Blades
    50 | D        | Reached skill level 22 in Throwing
    50 | D        | Reached skill level 22 in Unarmed Combat
    50 | D        | Reached XP level 23. HP: 219/219 MP: 32/54
    50 | D        | Killed a destroyer
    50 | D        | Reached skill level 24 in Short Blades
    50 | D        | Reached skill level 24 in Throwing
    50 | D        | Reached skill level 24 in Unarmed Combat
    51 | D        | Noticed an accursed
    51 | D        | Reached skill level 25 in Short Blades
    51 | D        | Reached skill level 25 in Throwing
    51 | D        | Reached skill level 25 in Unarmed Combat
    52 | D        | Killed a destroyer
    52 | D        | Reached skill level 27 in Short Blades
    52 | D        | Reached skill level 27 in Throwing
    52 | D        | Reached skill level 27 in Unarmed Combat
    52 | D        | Reached XP level 24. HP: 227/227 MP: 33/54
    53 | D        | Noticed a tyrant
    53 | D        | Noticed an accursed
    53 | D        | Noticed a destroyer
    56 | D        | Noticed an accursed
    56 | D        | Killed a large bag of meat
    57 | D        | Noticed a tyrant
    57 | D        | Killed a large bag of meat
    57 | D        | Gained mutation: A powerful demonic guardian rushes to your aid. [demonic ancestry]
    57 | D        | Reached XP level 25. HP: 234/234 MP: 34/54
    61 | D        | Noticed a destroyer
    61 | D        | Killed a destroyer
    61 | D        | Gained mutation: A meltable icy envelope protects you from harm. (AC +0) [demonic ancestry]
    61 | D        | Reached XP level 26. HP: 242/242 MP: 35/54
    61 | D        | Killed a tyrant
    63 | D        | Noticed a destroyer
    63 | D        | Noticed a large bag of meat
    64 | D        | Noticed The Servant
    64 | D        | Noticed a meat beast
    65 | D        | Noticed a destroyer
    65 | D        | Noticed a meat beast
    65 | D        | Killed a destroyer
    66 | D        | Reached XP level 27. HP: 249/249 MP: 36/54
    67 | D        | Killed a destroyer
    69 | D        | Killed a meat beast
    72 | D        | Noticed a meat beast
    72 | D        | Killed a tyrant
    73 | D        | Noticed a destroyer
    74 | D        | Killed a meat beast
    75 | D        | Noticed a meat beast
    76 | D        | Noticed a meat beast
    77 | D        | Killed a meat beast
    78 | D        | Noticed a meat beast
    78 | D        | Noticed a meat beast
    79 | D        | Killed an accursed
    79 | D        | Killed a meat beast
    79 | D        | Killed a large bag of meat
    80 | D        | Noticed a dread
    81 | D        | Killed a destroyer
    82 | D        | Killed a meat beast
    83 | D        | Killed an accursed
    85 | D        | Noticed a meat beast
    87 | D        | Killed an accursed
    88 | D        | Killed a meat beast
    89 | D        | Killed a meat beast
    91 | D        | Killed a meat beast
    93 | D        | HP: 66/247 [??? (51)]
    94 | D        | Killed a destroyer
   102 | D        | Killed The Servant
   102 | D        | Killed a dread
   106 | D        | Noticed a dread
   111 | D        | Noticed a destroyer
   111 | D        | Killed a dread
   112 | D        | Killed from afar by an observer

Vault maps used:
D:        meatsprint

Action                   |  1- 3 |  4- 6 |  7- 9 | 10-12 | 13-15 | 16-18 | 19-21 | 22-24 | 25-27 || total
-------------------------+-------+-------+-------+-------+-------+-------+-------+-------+-------++-------
Melee: Executioner's axe |     1 |       |       |     1 |     4 |     5 |     8 |    10 |    43 ||    72
Invok: Greater Servant o |       |       |       |       |       |       |       |       |     3 ||     3
  Use: Scroll            |       |       |       |       |       |       |       |       |     1 ||     1
 Stab: Distracted        |       |       |       |       |     1 |       |       |       |       ||     1
Armor: Robe              |       |       |       |       |       |       |       |     1 |       ||     1
Dodge: Dodged            |       |       |       |       |       |       |     1 |     2 |    13 ||    16
